Map: Zen LE

Players

BlyOnFire (Bly) - Winner!

  • Race: Zerg Zerg
  • League: Grandmaster
  • Spawn Location: 1:00

PtitDrogo

  • Race: Protoss Protoss
  • League: Grandmaster
  • Spawn Location: 7:00

Event: StayAtHomestory Cup #1

VOD

Have the link to the VOD?

Description

Time

  • Played on: April 10, 2020, 9:09 a.m.
  • Length: 12:37

All games in this series

Show
View Real Time Build Order
Export as new Build Order

BlyOnFire Zerg - Winner!

Build Orders: Pool First 

Get SALT Encoding   

  12  0:01  Drone  
  13  0:12  Overlord  
  13  0:17  Drone  
  14  0:30  Drone x2  
  16  0:41  Spawning Pool  
  15  0:45  Drone  
  15  0:49  Drone  
  17  0:52  Extractor  
  16  1:05  Drone  
  17  1:17  Hatchery  
  16  1:28  Zergling x6  
  19  1:39  Queen  
  21  1:55  Metabolic Boost  
  21  1:57  Drone  
  22  2:04  Roach Warren  
  21  2:12  Overlord  
  21  2:31  Drone x2  
  22  2:45  Roach x4  
  29  3:01  Zergling x6  
  29  3:02  Zergling x4  
  33  3:10  Zergling x2  
  34  3:15  Overlord  
  34  3:19  Ravager  
  35  3:26  Zergling x2  
  36  3:30  Overlord  
  36  3:34  Overlord  
  36  3:42  Ravager, Overlord  
  36  3:52  Zergling x6  
  36  3:59  Zergling x4  
  36  4:07  Zergling x6  
  34  4:15  Roach  
  36  4:18  Roach  
  36  4:20  Ravager  
  39  4:30  Zergling x2  
  39  4:31  Zergling x4  
  41  4:46  Zergling x8  
  41  4:52  Overlord  
  45  4:59  Ravager  
  41  5:16  Roach x3  
  41  5:17  Zergling x4  
  49  5:30  Zergling x8  
  49  5:34  Ravager  
  51  5:48  Zergling x10  
  51  5:54  Zergling x2  
  44  6:05  Zergling x6  
  46  6:15  Zergling x8  
  46  6:17  Ravager  
  42  6:36  Drone x3  
  42  6:44  Ravager  
  43  6:47  Drone x4  
  47  7:05  Drone x2  
  47  7:06  Drone x3  
  52  7:09  Extractor  
  51  7:36  Queen  
  51  7:38  Roach x4  
  51  7:43  Hatchery  
  54  8:11  Zergling x18  
  55  8:27  Zergling x6  
  55  8:28  Zergling x2  
  55  8:32  Ravager  
  55  8:33  Ravager x3  
  63  8:41  Zergling x4  
  63  8:46  Overlord x4  
  65  8:57  Overlord x2  
  64  9:16  Zergling x18  
  64  9:17  Zergling x2  
  72  9:31  Drone x3  
  69  9:47  Zergling x8  
  73  9:55  Roach x3  
  73  9:59  Queen  
  78  10:04  Roach x2  
  84  10:14  Roach x5  
  92  10:29  Zergling x10  
  92  10:30  Overlord  
  92  10:35  Overlord  
  97  10:38  Overlord  
  97  10:43  Ravager  
  97  10:44  Overlord  
  98  10:53  Ravager x7  
  105  10:57  Zergling x4  
  101  11:22  Hatchery  
  96  11:27  Zergling x2  
  96  11:28  Zergling x12  
  101  11:44  Zergling x2  
  101  11:45  Zergling x10  
Show
View Real Time Build Order
Export as new Build Order

PtitDrogo Protoss 

Build Orders: 1 Gate Expand 

Get SALT Encoding   

  12  0:00  Probe  
  13  0:12  Probe  
  14  0:20  Pylon  
  14  0:25  Probe  
  15  0:38  Probe (Chrono Boost)  
  15  0:40  Gateway  
  16  0:47  Probe (Chrono Boost)  
  16  0:48  Assimilator  
  17  0:52  Probe (Chrono Boost)  
  18  1:04  Probe  
  19  1:16  Probe  
  20  1:28  Nexus  
  20  1:35  Cybernetics Core  
  20  1:44  Zealot (Chrono Boost)  
  22  1:47  Pylon  
  22  1:55  Assimilator  
  22  1:56  Probe  
  23  2:09  Probe, Adept (Chrono Boost)  
  26  2:21  Probe, Robotics Facility  
  26  2:40  Probe  
  26  2:42  Stalker  
  29  2:49  Probe  
  30  3:01  Probe  
  30  3:05  Warp Gate (Chrono Boost)  
  30  3:09  Observer (Chrono Boost)  
  30  3:11  Probe  
  32  3:13  Probe  
  32  3:16  Adept  
  35  3:23  Probe  
  35  3:25  Probe  
  37  3:41  Probe  
  42  3:53  Pylon  
  42  3:54  Immortal (Chrono Boost)  
  31  4:17  Shield Battery  
  31  4:23  Pylon  
  31  4:40  Shield Battery  
  31  4:46  Pylon  
  31  4:49  Sentry  
  33  4:55  Immortal (Chrono Boost)  
  37  5:01  Shield Battery  
  35  5:15  Sentry  
  35  5:17  Probe  
  35  5:18  Gateway  
  42  5:57  Pylon, Immortal (Chrono Boost)  
  42  5:58  Zealot  
  42  6:00  Gateway  
  41  6:15  Probe  
  41  6:18  Probe  
  40  6:20  Zealot  
  40  6:21  Zealot  
  44  6:27  Probe  
  44  6:30  Probe  
  44  6:39  Probe  
  45  6:42  Probe  
  46  6:47  Immortal (Chrono Boost)  
  46  6:48  Zealot  
  46  6:53  Probe  
  53  7:05  Probe  
  53  7:06  Pylon  
  53  7:08  Pylon  
  54  7:24  Warp Prism  
  54  7:25  Probe (Chrono Boost)  
  58  7:30  Probe (Chrono Boost)  
  58  7:34  Probe (Chrono Boost)  
  60  7:38  Probe (Chrono Boost)  
  60  7:39  Probe (Chrono Boost)  
  61  7:44  Pylon  
  61  7:47  Cybernetics Core  
  61  7:48  Zealot  
  61  7:49  Probe  
  61  7:51  Probe  
  63  8:01  Probe  
  63  8:03  Probe  
  58  8:08  Zealot  
  58  8:09  Zealot  
  62  8:13  Probe  
  62  8:15  Probe  
  62  8:25  Probe  
  61  8:27  Probe  
  61  8:31  Stalker  
  61  8:32  Stalker  
  61  8:34  Stalker  
  68  8:37  Probe  
  69  8:47  Pylon  
  69  8:55  Zealot  
  71  8:58  Probe (Chrono Boost)  
  71  9:01  Zealot x2  
  77  9:04  Probe (Chrono Boost)  
  77  9:08  Probe (Chrono Boost)  
  78  9:12  Probe (Chrono Boost)  
  78  9:13  Probe (Chrono Boost)  
  78  9:16  Zealot  
  76  9:21  Phoenix  
  72  9:24  Probe (Chrono Boost)  
  72  9:27  Probe (Chrono Boost)  
  69  9:36  Probe (Chrono Boost)  
  70  9:39  Probe (Chrono Boost)  
  70  9:41  Probe (Chrono Boost)  
  71  9:51  Probe (Chrono Boost)  
  71  9:52  Probe (Chrono Boost)  
  73  9:57  Pylon  
  74  10:00  Probe (Chrono Boost)  
  74  10:02  Probe (Chrono Boost)  
  74  10:05  Probe, Sentry  
  74  10:06  Sentry x2  
  79  10:12  Probe, Pylon  
  81  10:17  Probe  
  82  10:24  Probe  
  82  10:26  Zealot  
  85  10:29  Probe, Zealot  
  85  10:30  Zealot  
  90  10:36  Probe  
  90  10:41  Probe  
  90  10:42  Twilight Council  
  92  10:48  Probe  
  91  10:53  Probe  
  92  11:00  Probe  
  93  11:05  Probe  
  90  11:12  Probe  
  90  11:15  Forge  
  90  11:16  Assimilator  
  90  11:18  Probe  
  86  11:22  Immortal (Chrono Boost)  
  86  11:24  Probe  
  85  11:30  Stalker x3  
  91  11:45  Probe  
  91  11:46  Shield Battery  
  91  11:54  Probe  
  84  11:57  Probe  
  79  12:02  Zealot x3  
  78  12:09  Gateway  
  78  12:12  Gateway  
  74  12:15  Gateway  
  60  12:23  Zealot x3  
Tags
 
Add a new tag
Caveats
  • Supply blocks, unpowered buildings, or Contaminate may cause inaccurate times.
  • Supply counts are checked every 10 seconds.